 Dungeon Crawl Stone Soup version 0.21.0 (console) character file.

998 hilaritas the Slicer (level 8, -2/54 HPs)
             Began as a Halfling Berserker on Jan 7, 2018.
             Was a Believer of Trog.
             Slain by Regeox's ghost (8 damage)
             ... on level 5 of the Dungeon.
             The game lasted 00:10:03 (4000 turns).

hilaritas the Slicer (Halfling Berserker)           Turns: 4000, Time: 00:10:04

Health: -2/54      AC:  7    Str: 17 (19) XL:     8   Next: 43%
Magic:  8/8        EV: 11    Int:  3 (6)  God:    Trog [**....]
Gold:   193        SH:  0    Dex: 11 (14) Spells: 7/7 levels left

rFire    . . .     SeeInvis .   e - +1 dagger (drain)
rCold    + . .     Gourm    .   f - +0 shield
rNeg     . . .     Faith    .   m - +1 ring mail {rC+}
rPois    .         Spirit   .   (no helmet)
rElec    .         Reflect  .   n - +0 cloak
rCorr    .         Harm     .   (no gloves)
MR       .....                  (no boots)
Stlth    ..........             g - amulet of regeneration
HPRegen  0.58/turn              (no ring)
MPRegen  0.11/turn              (no ring)

@: confused, flying
A: small, mutation resistance 1
a: Berserk, Trog's Hand, Burn Spellbooks, Renounce Religion


You were on level 5 of the Dungeon.
You worshipped Trog.
Trog was pleased with you.
You were not hungry.

You visited 1 branch of the dungeon, and saw 5 of its levels.

You collected 193 gold pieces.

Inventory:

Hand Weapons
 a - a +0 short sword
 e - a +1 dagger of draining (weapon)
Missiles
 p - 3 tomahawks (quivered)
Armour
 f - a +0 shield (worn)
 m - a +1 ring mail of cold resistance (worn)
 n - a +0 cloak (worn)
 r - a +3 ring mail
Jewellery
 g - an amulet of regeneration (around neck)
Wands
 b - a wand of acid (8)
Scrolls
 l - a scroll of teleportation
 o - a scroll of fear
Potions
 d - a potion of lignification
 h - a potion of degeneration
 j - a potion of agility
Comestibles
 c - 10 rations
 i - 2 chunks of flesh


   Skills:
 * Level 4.5 Fighting
 - Level 8.5 Short Blades
 + Level 2.2 Armour
 - Level 2.1 Dodging
 * Level 5.5 Shields


You had 7 spell levels left.
You didn't know any spells.

Dungeon Overview and Level Annotations

Branches:
Dungeon (5/15)
 Temple: D:4-7

Altars:
Xom

Annotations:
D:5 Regeox's ghost, amateur HOFi


Innate Abilities, Weirdness & Mutations

You are small and have problems with some larger weapons.
You are somewhat resistant to further mutation.


Message History

Regeox's ghost hits you!
The orc wizard hits you but does no damage.
Regeox's ghost misses you.
There is a stone staircase leading up here.
You closely miss the orc wizard.
Regeox's ghost whispers, "The ORB doesn't exist."
Regeox's ghost hits you!
* * * LOW HITPOINT WARNING * * *
The orc wizard hits you with a dagger.
* * * LOW HITPOINT WARNING * * *
You closely miss Regeox's ghost.
It was a potion of flight.
You feel very buoyant.
You fly up into the air.
The orc wizard misses you.
Regeox's ghost mumbles, "They all look like pillowcases to me..."
Regeox's ghost hits you.
* * * LOW HITPOINT WARNING * * *
It was a potion of magic.
Magic courses through your body. The orc wizard closely misses you.
Regeox's ghost hits you!
You die...

#.. ##..# #.
#...#######. +..
........>.. #..
#........W.
##..##..........
#......"..o.....
+...............
#+###o.###..##.
###.@###..##
#...W......#
#..........#
##+##.....##
######


You could see an orc wizard and Regeox's ghost.

Vanquished Creatures
  A hippogriff (D:2)
  Edmund (D:3)
  Duvessa (D:3)
  2 ogres
  The ghost of Lanoc the Digger, an amateur GrEE (D:4)
  Dowan (D:3)
  A bullfrog skeleton (D:4)
  A hound (D:4)
  2 orc wizards (D:4)
  Jessica (D:3)
  Ijyb (D:4)
  3 gnolls (D:3)
  5 adders
  An ooze (D:3)
  3 worms
  3 dart slugs
  3 leopard geckos
  An orc (D:5)
  4 bats
  4 giant cockroaches
  12 goblins
  10 hobgoblins
  9 jackals
  A quokka (D:2)
  A ball python (D:3)
  3 frilled lizards
  4 kobolds
  3 rats
83 creatures vanquished.

Notes
Turn   | Place    | Note
-------+----------+-------------------------------------------
     0 | D:1      | hilaritas the Halfling Berserker began the quest for the Orb.
     0 | D:1      | Reached XP level 1. HP: 15/15 MP: 1/1
   349 | D:1      | Reached skill level 4 in Short Blades
   349 | D:1      | Reached XP level 2. HP: 13/20 MP: 2/2
   929 | D:1      | Reached XP level 3. HP: 26/26 MP: 3/3
  1251 | D:2      | Reached ** piety under Trog
  1258 | D:2      | Reached XP level 4. HP: 17/31 MP: 4/4
  1369 | D:2      | Noticed a hippogriff
  1379 | D:2      | Killed a hippogriff
  1379 | D:2      | Reached skill level 6 in Short Blades
  1379 | D:2      | Reached skill level 1 in Shields
  1379 | D:2      | Reached XP level 5. HP: 17/37 MP: 5/5
  1379 | D:2      | Reached XP level 6. HP: 20/43 MP: 6/6
  2377 | D:3      | Noticed Jessica
  2389 | D:3      | Killed Jessica
  2688 | D:3      | Found a shimmering altar of Xom.
  2689 | D:3      | Found a shimmering altar of Xom.
  2691 | D:3      | Found a shimmering altar of Xom.
  2692 | D:3      | Found a shimmering altar of Xom.
  2692 | D:3      | Found a shimmering altar of Xom.
  2762 | D:4      | Noticed an ogre
  2779 | D:3      | Killed an ogre
  2779 | D:3      | Reached skill level 7 in Short Blades
  2779 | D:3      | Reached XP level 7. HP: 9/48 MP: 7/7
  2850 | D:4      | Noticed Edmund
  2993 | D:3      | Killed Edmund
  3038 | D:4      | Noticed Lanoc's ghost (amateur GrEE)
  3042 | D:4      | Noticed Dowan
  3043 | D:4      | Noticed Duvessa
  3073 | D:3      | Killed Dowan
  3073 | D:3      | Reached skill level 8 in Short Blades
  3114 | D:3      | Killed Duvessa
  3114 | D:3      | Reached XP level 8. HP: 54/54 MP: 8/8
  3257 | D:4      | Killed Lanoc's ghost
  3322 | D:4      | Reached skill level 5 in Shields
  3594 | D:4      | Noticed Ijyb
  3603 | D:4      | HP: 4/81 [acid (5)]
  3611 | D:4      | Killed Ijyb
  3830 | D:5      | Entered Level 5 of the Dungeon
  3833 | D:5      | Noticed Regeox's ghost (amateur HOFi)
  4000 | D:5      | Slain by Regeox's ghost

Skill      XL: |  1  2  3  4  5  6  7  8 |
---------------+-------------------------+-----
Short Blades   | 4 6 7 8 |  8.5
Fighting       | 3 4 |  4.5
Shields        | 1 2 4 5 |  5.5
Armour         | |  2.2
Dodging        | |  2.1

Action                   |  1- 3 |  4- 6 |  7- 9 || total
-------------------------+-------+-------+-------++-------
Melee: Short sword       |    16 |       |       ||    16
       Dagger            |    73 |   144 |   201 ||   418
Throw: Tomahawk          |       |       |     4 ||     4
Invok: Berserk           |       |     1 |     2 ||     3
       Trog's Hand       |       |     1 |     2 ||     3
  Use: Scroll            |     2 |     3 |     1 ||     6
       Potion            |       |       |     7 ||     7
 Stab: Sleeping          |     1 |     1 |       ||     2
       Distracted        |     1 |       |       ||     1
  Eat: Chunk             |     1 |     6 |     6 ||    13
Armor: Animal skin       |     9 |     6 |       ||    15
       Ring mail         |       |    10 |    39 ||    49
       Skin              |       |       |     2 ||     2
Dodge: Dodged            |    32 |    41 |    65 ||   138
Block: Shield            |    24 |    48 |    73 ||   145
